 Dungeon Crawl Stone Soup version 0.30-a0-58-gc0703345a7 (webtiles) character file.

Game seed: 17049148946083710779

1311 MisterAzrael the Cleaver (level 8, -5/58 HPs)
             Began as a Formicid Fighter on Sept 12, 2022.
             Was a Follower of Okawaru.
             Killed by divine providence
             ... invoked by an orc priest
              (16 damage)
             ... on level 5 of the Dungeon.
             The game lasted 00:06:15 (5355 turns).

MisterAzrael the Cleaver (Formicid Fighter)         Turns: 5355, Time: 00:06:15

Health: -5/58      AC: 20    Str: 22    XL:     8   Next: 89%
Magic:  12/12      EV: 13    Int:  9    God:    Okawaru [*.....]
Gold:   202        SH:  5    Dex: 13    Spells: 7/7 levels left

rFire   . . .      SeeInvis +    s - +2 long sword (protect)
rCold   . . .      Faith    +    c - +0 buckler
rNeg    . . .      Spirit   .    k - +2 scale mail {rPois}
rPois   +          Reflect  .    (helmet unavailable)
rElec   .          Harm     .    q - +2 cloak
rCorr   .          Rampage  .    f - +0 pair of gloves
Will    .....                    (no boots)
Stlth   ..........               h - amulet of faith
HPRegen 0.19/turn                e - +4 ring of evasion
MPRegen 0.13/turn                (no ring)

@: under a protective aura
A: permanent stasis, dig shafts and tunnels, antennae 3, four strong arms
a: Dig, Shaft Self, Renounce Religion, Heroism


You were on level 5 of the Dungeon.
You worshipped Okawaru.
Okawaru was aware of your devotion.
You visited 2 branches of the dungeon, and saw 6 of its levels.

You collected 202 gold pieces.

Inventory:

Hand Weapons
 a - a +0 war axe
 s - a +2 long sword of protection (weapon)
Missiles
 m - 2 boomerangs
Armour
 b - a +0 scale mail
 c - a +0 buckler (worn)
 f - a +0 pair of gloves (worn)
 k - a +2 scale mail of poison resistance (worn)
 q - a +2 cloak (worn)
Jewellery
 e - a +4 ring of evasion (left hand)
 h - an amulet of faith (around neck)
Wands
 p - a wand of flame (9)
Scrolls
 i - 4 scrolls of identify {unknown}
 j - 3 scrolls of blinking {unknown}
 l - 3 scrolls of enchant weapon {unknown}
 o - 2 scrolls of magic mapping {unknown}
 t - a scroll of acquirement {unknown}
Potions
 d - a potion of mutation {unknown}
 g - a potion of curing {unknown}
 r - a potion of heal wounds {unknown}


   Skills:
 - Level 3.2 Fighting
 * Level 1.1 Long Blades
 - Level 9.1 Axes
 - Level 3.2 Armour
 - Level 4.0 Shields
 + Level 5.5 Invocations


You had 7 spell levels left.
You didn't know any spells.
Your spell library contained the following spells:

 Spells                   Type           Power      Damage    Failure   Level
 Magic Dart               Conj           0%         1d3       78%         1
 Ensorcelled Hibernation  Hex/Ice        0%         N/A       89%         2
 Passwall                 Tmut/Erth      0%         N/A       89%         2
 Searing Ray              Conj           0%         2d4       89%         2
 Dazzling Flash           Conj/Hex       0%         N/A       98%         3
 Gell's Gravitas          Tloc           0%         N/A       98%         3
 Ignite Poison            Fire/Tmut/Pois 0%         N/A       98%         3
 Lesser Beckoning         Tloc           0%         N/A       98%         3
 Mephitic Cloud           Conj/Pois/Air  0%         N/A       98%         3
 Teleport Other           Tloc           0%         N/A       98%         3
 Fulminant Prism          Conj/Hex       0%         3d6       100%        4
 Iskenderun's Mystic Bla  Conj/Tloc      0%         2d3       100%        4
 Freezing Cloud           Conj/Ice/Air   0%         6-21      100%        5
 Starburst                Conj/Fire      0%         6d3       100%        6
 Swiftness                Air            Unusable   N/A       N/A         3

Dungeon Overview and Level Annotations

Branches:
Dungeon (5/15)             Temple (1/1) D:4

Altars:
Cheibriados
Fedhas
Gozag
Kikubaaqudgha
Makhleb
Okawaru
Ru
Trog
Uskayaw
Vehumet
Wu Jian
Yredelemnul
Zin
The Shining One


Innate Abilities, Weirdness & Mutations

You cannot be hasted, slowed, berserked, paralysed or teleported.
You can dig through walls and to a lower floor.
You have a pair of large antennae on your head. (SInv)
Your four strong arms can wield two-handed weapons with a shield.


Message History

The black bear claws you but does no damage. x2
You are too injured to fight recklessly!
You closely miss the ogre. The black bear misses you.
You block the black bear's attack.
The black bear claws you but does no damage.
The ogre closely misses you. The black bear misses you. x2
The black bear claws you but does no damage.
The orc priest miscasts a cantrip.
You hit the ogre.
The ogre is lightly wounded.
The black bear barely misses you.
The black bear claws you but does no damage. x2
The ogre hits you but does no damage. The black bear barely misses you.
The black bear claws you but does no damage.
The black bear closely misses you.
You slash the ogre!
The ogre is heavily wounded.
The black bear completely misses you. You block the black bear's attack.
The black bear claws you but does no damage.
The ogre hits you with a +0 giant club!
* * * LOW HITPOINT WARNING * * *
The black bear barely misses you. The black bear closely misses you.
You block the black bear's attack.
You slash the ogre!
The ogre is severely wounded.
The black bear bites you but does no damage.
You block the black bear's attack. The black bear claws you.
* * * LOW HITPOINT WARNING * * *
The black bear bites you but does no damage.
The black bear closely misses you.
The black bear claws you but does no damage.
You block the ogre's attack.
It was a potion of berserk rage.
Your stasis prevents you from going berserk.
The black bear bites you but does no damage.
The black bear claws you but does no damage.
The black bear barely misses you.
The orc priest calls down the wrath of Beogh upon you.
Beogh smites you!
You die...

#..# ##.# #.#
##.# ###..#
##....#
###...###
##...###
####O@###
#..oh##
#.....nlo#
.......o...
............#
............#
............#
...........##
...........#


You could see a black bear (berserk), an ogre, a necrophage, an iguana and 2 orc
priests.

Vanquished Creatures
  Pikel (D:4)
  Grinder (D:3)
  Sigmund (D:2)
  Pargi (D:4)
  3 scorpions
  A necrophage (D:4)
  A hound (D:5)
  Terence (D:3)
  An orc wizard (D:5)
  4 adders
  A dart slug (D:4)
  4 orcs
  7 ball pythons
  7 endoplasms
  3 giant cockroaches
  9 goblins
  10 hobgoblins
  4 jackals (D:4)
  3 quokkas
  6 bats
  2 frilled lizards
  4 kobolds
  5 rats
80 creatures vanquished.

Notes
Turn   | Place    | Note
-------+----------+-------------------------------------------
     0 | D:1      | MisterAzrael the Formicid Fighter began the quest for the
                  | Orb.
     0 | D:1      | Reached XP level 1. HP: 18/18 MP: 1/1
   149 | D:1      | Reached XP level 2. HP: 20/24 MP: 2/2
   403 | D:1      | Reached skill level 3 in Axes
   666 | D:1      | Reached XP level 3. HP: 29/29 MP: 3/3
   705 | D:1      | Found a faded altar of an unknown god.
  1479 | D:2      | Reached skill level 4 in Axes
  1479 | D:2      | Reached XP level 4. HP: 23/35 MP: 4/4
  1896 | D:2      | Noticed Sigmund
  1953 | D:2      | Killed Sigmund
  1954 | D:2      | Reached skill level 6 in Axes
  1954 | D:2      | Reached XP level 5. HP: 14/41 MP: 5/5
  1954 | D:2      | Reached XP level 6. HP: 16/47 MP: 6/6
  2571 | D:3      | Noticed Terence
  2584 | D:3      | Killed Terence
  2784 | D:3      | Noticed a +0 short sword
  2785 | D:3      | Noticed a +0 falchion
  2785 | D:3      | Noticed a +0 dagger
  2787 | D:3      | Noticed a +0 spear
  2793 | D:3      | Found a hide-covered altar of Uskayaw.
  2793 | D:3      | Noticed a +0 short sword
  2798 | D:3      | Noticed a +0 dagger
  2897 | D:3      | Noticed a +0 spear
  2899 | D:3      | Noticed a +0 falchion
  2923 | D:3      | Noticed Grinder
  2933 | D:3      | Killed Grinder
  2934 | D:3      | Reached skill level 7 in Axes
  2934 | D:3      | Reached XP level 7. HP: 26/52 MP: 7/7
  3807 | D:4      | Found a staircase to the Ecumenical Temple.
  3845 | Temple   | Entered the Ecumenical Temple
  4134 | Temple   | Became a worshipper of Warmaster Okawaru
  4189 | D:4      | Noticed Pikel
  4217 | D:4      | Killed Pikel
  4218 | D:4      | Reached skill level 8 in Axes
  4218 | D:4      | Reached XP level 8. HP: 27/58 MP: 7/11
  4533 | D:4      | Noticed Pargi
  4548 | D:4      | Killed Pargi
  4641 | D:4      | Reached * piety under Okawaru
  4642 | D:4      | Reached skill level 9 in Axes
  4642 | D:4      | Reached skill level 5 in Invocations
  5042 | D:5      | Entered Level 5 of the Dungeon
  5232 | D:5      | Identified the +3 dagger of Accidental Termination {freeze,
                  | rPois SInv}
  5285 | D:5      | Reached skill level 1 in Long Blades
  5355 | D:5      | Killed from afar by an orc priest

Illustrated notes

Levels and vault maps discovered:
D:1:      lemuel_arrival_river_passageway, layout_basic, basic_ecumenical_altar
D:2:      layout_basic, grunt_decor_resistance, uniq_sigmund
D:3:      layout_basic, nicolae_uskayaw_en_pointe, uniq_grinder, uniq_terence
D:4:      layout_basic, minmay_temple_entry_stoned_glass,
          eino_small_chamber_without_monster, kennysheep_generic_room_5,
          uniq_pargi, uniq_pikel
D:5:      layout_cave_pods, lemuel_blue_sif_altar
Temple:   oiseaux_autumnal_temple

Skill      XL: |  1  2  3  4  5  6  7  8 |
---------------+-------------------------+-----
Axes           | 3 4 6 7 8 9 |  9.1
Invocations    | 4 5 |  5.5
Long Blades    | 1 |  1.1
Fighting       | |  3.2
Armour         | |  3.2
Shields        | |  4.0

Action                   |  1- 3 |  4- 6 |  7- 9 || total
-------------------------+-------+-------+-------++-------
Melee: War axe           |   104 |    43 |   113 ||   260
       Long sword        |       |       |    42 ||    42
  Use: Scroll            |       |     3 |       ||     3
       Potion            |       |     1 |     2 ||     3
Armor: Scale mail        |    30 |    10 |   100 ||   140
Dodge: Dodged            |    69 |    32 |   123 ||   224
Block: Buckler           |    33 |    12 |    46 ||    91

Table legend: (Time is in decaauts)
 A = Elapsed time spent in this place.
 B = Non-inter-level travel time spent in this place.
 C = Inter-level travel time spent in this place.
 D = Time resting spent in this place.
 E = Time spent auto-exploring this place.
 F = Levels seen in this place.
 G = Mean time per level.
                   A        B        C        D        E       F      G
               +--------+--------+--------+--------+--------+-----+--------+
         Total |   5456 |   5292 |    164 |   1656 |   2778 |   6 |  909.3 |
       Dungeon |   5115 |   5033 |     82 |   1656 |   2541 |   5 | 1023.0 |
        Temple |    341 |    259 |     82 |      0 |    237 |   1 |  341.0 |
               +--------+--------+--------+--------+--------+-----+--------+

Top non-repeatable levels by time:
     D:2: 1611 daAuts
     D:4: 1349 daAuts
     D:1: 1011 daAuts
     D:3: 812 daAuts
  Temple: 341 daAuts
     D:5: 329 daAuts
